 Dungeon Crawl Stone Soup version 0.21.1-1-g345015fe64 (webtiles) character file.

2548 Araneus the Basher (level 9, 0/70 HPs)
             Began as a Yellow Draconian Monk on June 27, 2018.
             Was a Priest of Vehumet.
             Slain by a wyvern zombie (4 damage)
             ... on level 7 of the Dungeon on June 28, 2018.
             The game lasted 00:47:24 (7543 turns).

Araneus the Basher (Yellow Draconian Monk)          Turns: 7543, Time: 00:47:24

Health: 0/70       AC:  7    Str: 14    XL:     9   Next: 30%
Magic:  8/15       EV: 15    Int: 12    God:    Vehumet [***...]
Gold:   332        SH:  4    Dex: 15    Spells: 14/16 levels left

rFire    . . .     SeeInvis .   a - +0 flail
rCold    . . .     Gourm    .   q - +0 buckler
rNeg     . . .     Faith    .   (armour unavailable)
rPois    .         Spirit   .   (helmet restricted)
rElec    .         Reflect  .   (no cloak)
rCorr    +         Harm     .   (no gloves)
MR       .....                  (no boots)
Stlth    ++........             (no amulet)
HPRegen  0.21/turn              (no ring)
MPRegen  0.14/turn              (no ring)

@: hasted, very quick
A: spit acid, acid resistance, unfitting armour, cold-blooded, AC +7
a: Breathe Acid, Renounce Religion


You were on level 7 of the Dungeon.
You worshipped Vehumet.
Vehumet was most pleased with you.
You were not hungry.

You visited 2 branches of the dungeon, and saw 8 of its levels.

You collected 332 gold pieces.

Inventory:

Hand Weapons
 a - a +0 flail (weapon)
Armour
 q - a +0 buckler (worn)
Jewellery
 t - an uncursed ring of ice
Wands
 h - a wand of disintegration (9)
 p - a wand of paralysis (15)
 u - a wand of iceblast (6)
Scrolls
 g - a scroll of enchant weapon {unknown}
 j - a scroll of fear {unknown}
 k - a scroll of noise {unknown}
 l - 5 scrolls of remove curse {unknown}
 m - 3 scrolls of teleportation {unknown}
 n - 3 scrolls of magic mapping {unknown}
 o - a scroll of fog {unknown}
 r - a scroll of identify
 s - a scroll of acquirement {unknown}
Potions
 c - 2 potions of brilliance
Comestibles
 b - 8 rations


   Skills:
 - Level 3.2 Fighting
 - Level 8.4 Maces & Flails
 * Level 5.9 Dodging
 - Level 1.7 Stealth
 * Level 2.4 Shields
 + Level 4.2 Spellcasting
 * Level 4.1 Conjurations
 * Level 3.4 Ice Magic
 * Level 0.9 Poison Magic


You had 14 spell levels left.
You knew the following spells:

 Your Spells              Type           Power        Failure   Level  Hunger
a - Sting                 Conj/Pois      #...         2%          1    None
b - Freeze                Ice            ##..         1%          1    None


Dungeon Overview and Level Annotations

Branches:
Dungeon (7/15)             Temple (1/1) D:4

Altars:
Ashenzari
Cheibriados
Dithmenos
Fedhas
Gozag
Hepliaklqana
Kikubaaqudgha
Makhleb
Nemelex Xobeh
Okawaru
Qazlal
Ru
Sif Muna
Trog
Uskayaw
Vehumet
Wu Jian
Xom
Yredelemnul
Zin
The Shining One


Innate Abilities, Weirdness & Mutations

You can spit globs of acid.
You are resistant to acid.
Your golden yellow scales are hard. (AC +7)
You cannot fit into any form of body armour.
You are cold-blooded and may be slowed by cold attacks.


Message History

You tail-slap the wyvern zombie, but do no damage.
The wyvern zombie is moderately damaged.
You block the wyvern zombie's attack.
You sock the wyvern zombie!
The wyvern zombie is heavily damaged.
You hit the wyvern zombie.
The wyvern zombie is severely damaged.
The wyvern zombie completely misses you.
You hit the wyvern zombie but do no damage.
The wyvern zombie is severely damaged.
The wyvern zombie bites you.
* * * LOW HITPOINT WARNING * * *
You hit the wyvern zombie.
The wyvern zombie is severely damaged.
The wyvern zombie bites you.
* * * LOW HITPOINT WARNING * * *
You hit the wyvern zombie but do no damage.
The wyvern zombie is severely damaged.
The wyvern zombie bites you.
You die...

... #.# #.# #.# #.#
#.# ### ###.## #.#
#.. ....# #Z#
#.####...## #@#
#.#.......# ##.##
#...##...#
#...###.#.###..####
##.................
######.#......####
#.######.#
#........#
##########


You could see a wyvern zombie.

Vanquished Creatures
  4 yaks (D:7)
  3 ogres
  A necrophage (D:6)
  2 black bears
  4 phantoms
  2 centaurs
  A big kobold (D:5)
  A bullfrog (D:6)
  2 scorpions
  A howler monkey (D:7)
  4 crimson imps
  2 bullfrog zombies (D:6)
  A jelly (D:6)
  A centaur skeleton (D:4)
  A hound (D:7)
  3 bullfrog skeletons
  An iguana (D:4)
  2 worker ants (D:7)
  A hound skeleton (D:5)
  4 gnolls (D:2)
  A howler monkey skeleton (D:6)
  5 adders
  2 shadow imps
  An ooze (D:6)
  4 worms
  A dart slug (D:2)
  9 leopard geckos
  4 orcs (D:5)
  6 giant cockroaches
  4 hobgoblins
  8 jackals (D:3)
  3 quokkas
  3 bats
  2 frilled lizards
  3 goblins
  A jackal skeleton (D:5)
  13 kobolds
  A leopard gecko skeleton (D:4)
  A quokka zombie (D:7)
  6 rats
  A plant (D:5)
120 creatures vanquished.

Notes
Turn   | Place    | Note
-------+----------+-------------------------------------------
     0 | D:1      | Araneus the Draconian Monk began the quest for the Orb.
     0 | D:1      | Reached XP level 1. HP: 19/19 MP: 1/1
   180 | D:2      | Reached XP level 2. HP: 8/26 MP: 2/2
   563 | D:2      | Found a sacrificial altar of Ru.
   974 | D:2      | Reached skill level 4 in Maces & Flails
   974 | D:2      | Reached XP level 3. HP: 16/31 MP: 4/4
  1615 | D:3      | Found a bloodstained altar of Trog.
  1631 | D:3      | Reached skill level 1 in Spellcasting
  2325 | D:2      | Reached XP level 4. HP: 31/38 MP: 5/5
  2345 | D:2      | Reached skill level 5 in Maces & Flails
  2833 | D:4      | Reached XP level 5. HP: 27/45 MP: 7/7
  2885 | D:4      | Noticed an ogre
  2890 | D:4      | Killed an ogre
  2890 | D:4      | Reached skill level 6 in Maces & Flails
  2901 | D:4      | Found a staircase to the Ecumenical Temple.
  2908 | Temple   | Entered the Ecumenical Temple
  3017 | Temple   | Became a worshipper of Vehumet
  3017 | Temple   | Reached * piety under Vehumet
  3017 | Temple   | Offered knowledge of Sting by Vehumet.
  3017 | Temple   | Reached ** piety under Vehumet
  3020 | Temple   | Learned a level 1 spell: Sting
  3070 | D:4      | Offered knowledge of Freeze by Vehumet.
  3422 | D:4      | Noticed a phantom
  3425 | D:4      | Learned a level 1 spell: Freeze
  3434 | D:4      | Reached XP level 6. HP: 38/51 MP: 8/8
  3507 | D:4      | Reached skill level 1 in Conjurations
  3849 | D:4      | Noticed an ice beast
  3866 | D:5      | Entered Level 5 of the Dungeon
  3951 | D:5      | Your scales start taking on a golden yellow colour.
  3951 | D:5      | Reached XP level 7. HP: 39/57 MP: 10/10
  4373 | D:5      | Reached skill level 7 in Maces & Flails
  4725 | D:5      | Found a bloodstained altar of Trog.
  4981 | D:5      | Found an opulent altar of Gozag.
  4984 | D:5      | Found an iron altar of Okawaru.
  4998 | D:5      | Found a hide-covered altar of Uskayaw.
  5106 | D:5      | Reached skill level 1 in Ice Magic
  5660 | D:6      | Reached XP level 8. HP: 29/63 MP: 3/12
  5880 | D:6      | Reached skill level 8 in Maces & Flails
  6056 | D:6      | Offered knowledge of Inner Flame by Vehumet.
  6703 | D:7      | Reached skill level 5 in Dodging
  6703 | D:7      | Reached skill level 1 in Shields
  6836 | D:7      | Reached *** piety under Vehumet
  7167 | D:7      | Reached XP level 9. HP: 55/70 MP: 11/14
  7543 | D:7      | Slain by a wyvern zombie

Skill      XL: |  1  2  3  4  5  6  7  8  9 |
---------------+----------------------------+-----
Maces & Flails | 4 5 6 7 8 |  8.4
Spellcasting   | 1 2 3 4 |  4.2
Dodging        | 3 4 5 |  5.9
Conjurations   | 1 2 3 4 |  4.1
Ice Magic      | 1 3 |  3.4
Shields        | 2 |  2.4
Fighting       | |  3.2
Stealth        | |  1.7
Poison Magic   | |  0.9

Action                   |  1- 3 |  4- 6 |  7- 9 || total
-------------------------+-------+-------+-------++-------
Melee: Mace              |   155 |    95 |   262 ||   512
       Tailslap          |    12 |    17 |    43 ||    72
       Flail             |       |       |    72 ||    72
 Cast: Sting             |       |    22 |    52 ||    74
       Freeze            |       |     8 |    15 ||    23
 Abil: Breathe Acid      |       |       |    15 ||    15
Evoke: Wand              |       |    10 |     5 ||    15
  Use: Scroll            |       |     1 |     1 ||     2
       Potion            |       |     3 |     8 ||    11
 Stab: Sleeping          |     4 |     1 |     3 ||     8
       Paralysed         |       |       |     8 ||     8
  Eat: Chunk             |     4 |     4 |     8 ||    16
       Ration            |       |     1 |     2 ||     3
Armor: Skin              |    40 |    28 |    73 ||   141
Dodge: Dodged            |   133 |    57 |   168 ||   358
Block: Buckler           |       |     9 |    35 ||    44
